 Dungeon Crawl Stone Soup version 0.31.0-12-g77e489cdc1 (webtiles) character file.

Game seed: 7231843241520060984

857 VictorL the Chopper (level 8, 0/83 HPs)
             Began as an Oni Berserker on Feb 22, 2024.
             Was a Priest of Trog.
             Succumbed to a gnoll sergeant's poison
             ... on level 5 of the Dungeon.
             The game lasted 00:30:10 (3414 turns).

VictorL the Chopper (Oni Berserker)                 Turns: 3414, Time: 00:30:11

Health: 0/83       AC:  4    Str: 24    XL:     8   Next: 2%
Magic:  8/8        EV: 10    Int:  8    God:    Trog [***...]
Gold:   110        SH:  5    Dex:  8    Spells: 7/7 levels left

rFire   . . .        a - +0 hand axe
rCold   . . .        (no shield)
rNeg    . . .        b - +0 animal skin
rPois   .            (helmet restricted)
rElec   .            e - +0 cloak
rCorr   .            (gloves unavailable)
SInv    .            (boots unavailable)
Will    .....        d - amulet of reflection
Stlth   ++           (no ring)
HPRegen 0.33/turn    (no ring)
MPRegen 0.11/turn

%: reflection
@: lethally poisoned (0 -> -26), on berserk cooldown, slowed, very slow
A: large, unfitting armour, horns 1, tough skin 1, double potion healing,
drunken brawling
a: Renounce Religion, Berserk, Trog's Hand


You were on level 5 of the Dungeon.
You worshipped Trog.
Trog was most pleased with you.
You visited 1 branch of the dungeon, and saw 5 of its levels.

You collected 138 gold pieces.
You spent 28 gold pieces at shops.

Inventory:

Hand Weapons
 a - a +0 hand axe (weapon)
Missiles
 h - 5 poisoned darts (quivered)
Armour
 b - a +0 animal skin (worn)
 e - a +0 cloak (worn)
Jewellery
 d - an amulet of reflection (around neck)
 g - an amulet of guardian spirit
 j - an amulet of faith
 l - a ring of ice
Talismans
 m - a serpent talisman
 u - a maw talisman
Wands
 k - a wand of roots (13)
 n - a wand of polymorph (5)
Scrolls
 p - a scroll of poison {unknown}
 q - a scroll of amnesia {unknown}
 s - a scroll of enchant weapon {unknown}
 t - a scroll of immolation
Potions
 c - a potion of lignification
 f - a potion of haste {unknown}
 i - 2 potions of brilliance {unknown}
 o - 2 potions of berserk rage {unknown}
 r - a potion of ambrosia {unknown}


   Skills:
 + Level 6.2 Fighting
 + Level 6.5 Axes
 + Level 1.0 Throwing
 + Level 4.1 Dodging
 + Level 1.9 Stealth
 + Level 1.5 Shields
 * Level 1.3 Shapeshifting


You had 7 spell levels left.
You didn't know any spells.
Your spell library was empty.

Dungeon Overview and Level Annotations

Branches:
Dungeon (5/15)
 Temple: D:4-7

Altars:
Ashenzari

Shops:
D:2 ?   D:3 ?   D:4 [


Innate Abilities, Weirdness & Mutations

You are too large for most types of armour.
You have a pair of small horns on your head.
You have tough skin. (AC +1)
You gain doubled healing and magic from potions.
Whenever you drink a healing potion, you attack all around you.


Message History

You slash the gnoll sergeant!
Your headbutt misses the gnoll sergeant.
You punch the gnoll sergeant!
The gnoll sergeant is severely wounded.
You feel very sick.
The gnoll sergeant hits you with a +2 spear of venom.
You are more poisoned.
The gnoll sergeant blocks your attack.
You headbutt the gnoll sergeant, but do no damage.
The gnoll sergeant is severely wounded.
You feel very sick.
You hit the gnoll sergeant but do no damage.
The gnoll sergeant is severely wounded.
* * * LOW HITPOINT WARNING * * *
You feel very sick.
The gnoll sergeant hits you with a +2 spear of venom!
* * * LOW HITPOINT WARNING * * *
You are more poisoned.
Okay, then.
You slash the gnoll sergeant!
You feel the power of Trog in you as your rage grows.
You kill the gnoll sergeant!
Trog accepts your kill.
* * * LOW HITPOINT WARNING * * *
You feel very sick.
Your Throwing skill increases to level 1!
You have reached level 8!
You are too berserk!
Found a glaive.
* * * LOW HITPOINT WARNING * * *
You feel very sick.
Items here: ) [[ †.
Okay, then.
You feel a strong urge to attack something.
* * * LOW HITPOINT WARNING * * *
You feel very sick.
You are no longer berserk.
You are exhausted.
You feel yourself slow down.
You die...

#.≈..............
#.≈..............
#.≈........... ..
#.≈###...###+####
#.≈###...##.....#
####(≈.......#.....#
.((.(≈.......#.....#
≈≈≈≈≈≈......)#.....#
.............)).@..#
.#####+#######)....#
...###### .....
...... ....). ......
......


There were no monsters in sight!

Vanquished Creatures
  Sigmund (D:4)
  Menkaure (D:4)
  An ogre (D:4)
  A gnoll sergeant (D:5)
  3 jellies (D:4)
  A howler monkey (D:4)
  2 hounds
  An orc wizard (D:3)
  6 adders
  6 gnolls
  A ribbon worm (D:2)
  5 dart slugs
  3 orcs
  4 ball pythons
  9 endoplasms
  2 giant cockroaches
  5 hobgoblins
  A quokka (D:1)
  3 bats
  3 frilled lizards
  6 goblins
  6 kobolds
  4 rats
75 creatures vanquished.

Notes
Turn   | Place    | Note
-------+----------+-------------------------------------------
     0 | D:1      | VictorL the Oni Berserker began the quest for the Orb.
     0 | D:1      | Reached XP level 1. HP: 24/24 MP: 1/1
   226 | D:1      | Reached XP level 2. HP: 32/32 MP: 2/2
   378 | D:1      | Reached XP level 3. HP: 40/40 MP: 3/3
   903 | D:2      | Reached ** piety under Trog
  1060 | D:2      | Reached XP level 4. HP: 44/49 MP: 4/4
  1092 | D:2      | Reached skill level 1 in Stealth
  1186 | D:2      | Found The Oracle's Delphic Readings.
  1189 | D:2      | Reached skill level 5 in Fighting
  1192 | D:2      | Bought a scroll of identify for 28 gold pieces
  1706 | D:3      | Reached XP level 5. HP: 50/57 MP: 5/5
  1755 | D:3      | Found Voreadich's Magic Scroll Emporium.
  1994 | D:3      | Found a broken altar of Ashenzari.
  2409 | D:4      | Noticed Sigmund
  2430 | D:4      | Killed Sigmund
  2431 | D:4      | Reached skill level 5 in Axes
  2431 | D:4      | Reached XP level 6. HP: 53/66 MP: 6/6
  2448 | D:4      | Noticed Menkaure
  2464 | D:4      | Killed Menkaure
  2465 | D:4      | Reached skill level 1 in Shields
  2465 | D:4      | Reached XP level 7. HP: 32/74 MP: 7/7
  2826 | D:4      | Found Nabu's Dragon-Slaying Spoils.
  3277 | D:4      | Reached *** piety under Trog
  3361 | D:5      | Entered Level 5 of the Dungeon
  3393 | D:5      | Reached skill level 1 in Shapeshifting
  3412 | D:5      | Reached skill level 1 in Throwing
  3412 | D:5      | Reached XP level 8. HP: 17/83 MP: 8/8
  3413 | D:5      | HP: 6/124 [poisoned by a gnoll sergeant]
  3414 | D:5      | Succumbed to a gnoll sergeant's poison

Illustrated notes

Levels and vault maps discovered:
D:1:      erik_arrival_triangle_medium, layout_loops_ring, minmay_bisected
D:2:      layout_loops_ring, minmay_misc_feat_rows,
          chequers_serial_rivers_large_a, nicolae_nh_oracle_at_delphi
D:3:      layout_rooms, evilmike_ruin_ashenzari, serial_shops, shop,
          minivault_23
D:4:      layout_basic, wad_floor_pattern_untrapped, nicolae_shop_dragon_depot,
          uniq_menkaure, uniq_sigmund
D:5:      lemuel_castle_with_subvaults [lemuel_castle_interior_carwin_3],
          layout_gridville, nicolae_overflow_squiral, serial_shops,
          nicolae_shop_getting_attention

Skill      XL: |  1  2  3  4  5  6  7 |
---------------+----------------------+-----
Dodging        | 3 4 |  4.1
Stealth        | 1 |  1.9
Fighting       | 5 6 |  6.2
Axes           | 4 5 6 |  6.5
Shields        | 1 |  1.5
Shapeshifting  | 1 |  1.3
Throwing       | 1 |  1.0

Action                     |  1- 3 |  4- 6 |  7- 9 || total
---------------------------+-------+-------+-------++-------
  Melee: Hand axe          |    64 |    85 |    56 ||   205
         Headbutt          |     9 |    13 |    15 ||    37
         Punch             |       |       |     1 ||     1
  Throw: Dart              |       |     2 |    10 ||    12
 Invoke: Berserk           |       |       |     2 ||     2
    Use: Scroll            |     4 |     1 |       ||     5
   Stab: Sleeping          |       |       |     1 ||     1
 Armour: Animal skin       |    26 |    35 |    30 ||    91
  Dodge: Dodged            |    20 |    29 |    20 ||    69
  Block: Other             |     8 |    13 |    10 ||    31
